AoeStats
← lamanito6

MegaRandom

510342959Analyzed
4v4 RM · 2d ago on Sep 30, 2026· 30m 7s· 8 players
Game mode
Random Map
Map size
Large (8 player)
Population
200
Speed
Normal
Resources
Standard
Victory
Conquest
Starting age
Dark Age
Ending age
Imperial Age
RankedLock teamsTeams togetherTeam positionsShared explorationLock speedFull tech treeHidden civsTurbo modeCheats
Victory
Defeat
🇪🇸 Aztecs · Spain
1123
+16
🇧🇷 Burgundians · Brazil
1116
+17
🇨🇳 Bulgarians · China
1097
+17
🇹🇼 Tupi · Taiwan
1025
+21
🇵🇱 Maya · Poland
1131
-18
🇵🇱 Turks · Poland
1130
-18
🇵🇱 Goths · Poland
1126
-18
🇵🇱 Berbers · Poland
1122
-17
Papai Sacudo
10:49 Feudal Age
17:35 Castle Age
17:52 Cavalier
22:09 Husbandry
28:06 Town Watch
lamanito6
2:22 Loom
11:29 Feudal Age
12:15 Double-Bit Axe
13:17 Arson
17:34 Forging
17:24 Scale Mail Armor
25:01 Castle Age
25:14 Eagle Warrior
26:01 Squires
26:40 Iron Casting
26:21 Chain Mail Armor
台南人
4:53 Loom
11:33 Feudal Age
13:25 Wheelbarrow
12:56 Town Watch
23:02 Castle Age
25:32 Fletching
26:08 Padded Archer Armor
29:22 Bodkin Arrow
King Bourbon
0:33 Loom
15:13 Feudal Age
21:57 Castle Age
20:51 Fletching
21:02 Scale Mail Armor
29:12 Double-Bit Axe
30:29 Arson
Jakwieczo
0:36 Loom
12:51 Feudal Age
18:08 Castle Age
16:04 Double-Bit Axe
16:33 Horse Collar
27:18 Fletching
Rodzenberg
3:00 Loom
11:04 Feudal Age
11:08 Man-at-Arms
18:11 Town Watch
18:27 Horse Collar
21:32 Forging
22:48 Double-Bit Axe
26:35 Castle Age
26:42 Long Swordsman
28:45 Gold Mining
Birchman
2:05 Loom
12:59 Feudal Age
15:40 Horse Collar
17:40 Wheelbarrow
18:06 Fletching
26:02 Castle Age
Martwy Kogut
0:36 Loom
1:17 Loom
12:24 Feudal Age
13:26 Double-Bit Axe
22:17 Castle Age
22:33 Wheelbarrow
22:26 Fletching
Connection lost

Rejoining the realm…

Still unreachable

The connection could not be restored.

Session expired

The server has moved on; the page needs a fresh start.